 Dungeon Crawl Stone Soup version 0.23.2-1-ga50397a (webtiles) character file.

Game seed: 14186721620133356353

51211 Borgoz the Slicer (level 15, 0/107 (108) HPs)
             Began as a Halfling Gladiator on May 25, 2019.
             Was an Elder of Ashenzari.
             Slain by a tyrant leech (4 damage)
             ... on level 4 of the Lair of Beasts.
             The game lasted 00:48:09 (23242 turns).

Borgoz the Slicer (Halfling Gladiator)             Turns: 23242, Time: 00:48:09

HP:   0/107 (108)   AC: 17    Str: 20    XL:     15   Next: 1%
MP:   15/15         EV: 25    Int: 11    God:    Ashenzari [****..]
Gold: 989           SH:  0    Dex: 18    Spells: 14/14 levels left

rFire    + . .     SeeInvis +   b - +2 rapier (drain)
rCold    + + .     Gourm    .   (shield restricted)
rNeg     . . .     Faith    .   q - +4 ring mail of Grace {rPois rF+ Int+5}
rPois    +         Spirit   .   o - +1 helmet
rElec    .         Reflect  .   I - +0 cloak (curse)
rCorr    .         Harm     .   s - +0 pair of gloves
MR       +....     Clarity  +   (no boots)
Stlth    +.........             m - amulet of the acrobat
HPRegen  0.27/turn              i - ring of protection from cold
MPRegen  0.14/turn              g - ring of protection from cold

@: no status effects
A: small, mutation resistance 1
a: Curse Item, Scrying, Renounce Religion


You were on level 4 of the Lair of Beasts.
You worshipped Ashenzari.
Ashenzari was greatly pleased with you.
You were not hungry.

You visited 3 branches of the dungeon, and saw 20 of its levels.
You also visited: Sewer, Ossuary, Bailey and Volcano.

You collected 1299 gold pieces.
You spent 310 gold pieces at shops.

Inventory:

Hand Weapons
 a - a +2 dagger of electrocution
 b - a +2 rapier of draining (weapon)
 h - a +2 rapier of flaming
 l - a +0 rapier
Armour
 o - a +1 helmet (worn)
 q - the +4 ring mail of Grace (worn) {rPois rF+ Int+5}
   (You bought it in a shop on level 6 of the Dungeon)

   It affects your intelligence (+5).
   It protects you from fire.
   It protects you from poison.
 s - a +0 pair of gloves (worn)
 I - a cursed +0 cloak (worn)
Jewellery
 g - a ring of protection from cold (right hand)
 i - a ring of protection from cold (left hand)
 m - an amulet of the acrobat (around neck)
 x - an uncursed ring of wizardry
 T - an uncursed ring of flight
Wands
 w - a wand of clouds (2)
 D - a wand of polymorph (14)
 N - a wand of digging (7)
 P - a wand of iceblast (1)
 X - a wand of disintegration (8)
Scrolls
 c - a scroll of blinking
 p - 4 scrolls of fear
 r - 11 scrolls of teleportation
 t - 5 scrolls of remove curse
 u - a scroll of magic mapping
 y - 3 scrolls of enchant weapon
 J - 2 scrolls of fog
 L - 2 scrolls of enchant armour
 W - a scroll of brand weapon
Potions
 d - a potion of heal wounds
 e - 2 potions of cancellation
 j - a potion of berserk rage
 k - 2 potions of haste
 n - 2 potions of might
 v - a potion of invisibility
 z - a potion of brilliance
 A - 3 potions of resistance
 B - 3 potions of curing
 K - 3 potions of lignification
Comestibles
 f - 21 rations


   Skills:
 + Level 11.7 Fighting
 + Level 14.8 Short Blades
 - Level 2.0 Throwing
 + Level 13.4 Armour
 + Level 13.8 Dodging


You had 14 spell levels left.
You didn't know any spells.
Your spell library contained the following spells:

 Spells                   Type           Power        Failure   Level  Hunger
 Apportation              Tloc           #.....       45%         1    ##.....
 Magic Dart               Conj           #...         45%         1    ##.....
 Summon Butterflies       Summ           #.......     45%         1    ##.....
 Searing Ray              Conj           #.....       61%         2    ###....
 Dazzling Spray           Conj/Hex       #.....       83%         3    ####...
 Lesser Beckoning         Tloc           #.........   83%         3    ####...
 Static Discharge         Conj/Air       #.......     83%         3    ####...
 Tukima's Dance           Hex            #.......     83%         3    ####...
 Force Lance              Conj/Tloc      #.......     99%         4    #####..
 Fulminant Prism          Conj/Hex       #.........   99%         4    #####..
 Iskenderun's Mystic Bla  Conj           #.......     99%         4    #####..
 Alistair's Intoxication  Tmut/Pois      #.......     100%        5    ######.
 Lightning Bolt           Conj/Air       #.........   100%        5    ######.
 Invisibility             Hex            #.......     100%        6    #######
 Ignition                 Fire           #.........   100%        8    #######
 Shatter                  Erth           #.........   100%        9    #######
 Tornado                  Air            #.........   100%        9    #######


Dungeon Overview and Level Annotations

Branches:
Dungeon (15/15)            Temple (1/1) D:4            Lair (4/6) D:8
  Swamp (0/4) Lair:3        Snake (0/4) Lair:3          Orc (0/2) D:11
 Vaults (0/5) D:14         Depths (0/5) D:15

Altars:
Ashenzari
Cheibriados
Dithmenos
Elyvilon
Fedhas
Gozag
Hepliaklqana
Kikubaaqudgha
Makhleb
Nemelex Xobeh
Okawaru
Qazlal
Ru
Sif Muna
Trog
Uskayaw
Vehumet
Wu Jian
Xom
Yredelemnul
Zin
The Shining One
Beogh

Shops:
D:6 [   D:9 (*%*   D:13 [

Annotations:
Lair:4 3 runed translucent doors, Jaiteiro's ghost, journeyman TrBe


Innate Abilities, Weirdness & Mutations

You are small and have problems with some larger weapons.
You are somewhat resistant to further mutation.


Message History

* * * LOW HITPOINT WARNING * * *
The tyrant leech draws strength from your injuries!
You hit the tyrant leech. You drain the tyrant leech.
The tyrant leech is moderately wounded.
Firing (i - inventory) No suitable missiles.
Press: ? - help, Shift-Dir - straight line, f - tyrant leech
Aim: a tyrant leech (moderately wounded, lightly drained)
Okay, then.
You puncture the tyrant leech!
The tyrant leech is moderately wounded.
The tyrant leech bites you!!
* * * LOW HITPOINT WARNING * * *
The tyrant leech draws strength from your injuries!
You completely miss the tyrant leech.
The tyrant leech is moderately wounded.
The tyrant leech closely misses you.
You hit the tyrant leech. You drain the tyrant leech.
The tyrant leech is heavily wounded.
The tyrant leech bites you.
You die...

...................<........P#
....<.#......................P.*
....#.##.......................*
....####.......................
#... .##...............[....>,*
#..., #....................## , #
#... ,#....................# P#
.... ....................P# .P.
.... ,...^......@w.........##..P.
, ,,,........###w.........÷...P#
, ,........# ##............... ,
, ........####.........≈≈.≈$# , ,
#.......##.#.........#≈≈≈≈≈
,,,,*#.........#.........≈≈≈≈≈≈≈
, ,, ...................≈≈≈#####
.... ...................≈≈P#≈ {
.....,...................≈≈≈≈≈≈≈≈


You could see 2 tyrant leeches.

Vanquished Creatures
  Snorg (D:11)
  An ettin (D:15)
  A hydra (D:13)
  A centaur warrior (D:14)
  8 two-headed ogres
  2 ogre magi
  A tengu warrior (D:14)
  2 hell knights
  A sixfirhy (D:11)
  4 unseen horrors
  A deep elf archer (D:15)
  Pikel (D:4)
  An oklob plant (D:10)
  5 ugly things
  An orc knight (Bailey)
  A cyclops (D:11)
  2 manticores
  Maurice (D:9)
  3 black mambas
  A gargoyle (D:12)
  6 centaur skeletons
  Psyche (D:8)
  2 torpor snails
  2 spiny frogs
  3 rime drakes
  3 komodo dragons
  A yaktaur (D:15)
  A tengu conjurer (D:14)
  2 hornets
  5 trolls
  A harpy skeleton (D:15)
  Grinder (D:4)
  A queen bee (D:8)
  A tyrant leech (Lair:4)
  2 dream sheep (Lair:4)
  7 slime creatures
  3 hippogriffs
  A centaur simulacrum (D:15)
  2 vampires
  3 wraiths
  Sigmund (D:6)
  3 wyverns
  30 yaks
  Eustachio (D:5)
  12 humans (D:14)
  3 hungry ghosts
  3 basilisks
  2 swamp worms (Lair:4)
  Menkaure (D:5)
  Duvessa (D:6)
  14 orc warriors
  8 water moccasins
  10 porcupines
  4 slaves (D:4)
  4 sky beasts
  4 ice beasts
  4 phantoms
  4 black bears
  2 ogres
  2 necrophages (D:10)
  3 wolves (Lair:4)
  A centaur (shapeshifter) (D:14)
  2 centaurs
  6 crocodiles
  A big kobold (D:12)
  Blork the orc (D:6)
  18 bullfrogs
  A wyvern skeleton (D:12)
  5 scorpions
  Dowan (D:6)
  31 killer bees
  12 wights (D:11)
  5 howler monkeys
  7 crimson imps
  A bullfrog zombie (D:11)
  3 centaur zombies
  A human zombie (Ossuary)
  4 jellies
  3 hounds
  4 quasits
  11 orc priests
  2 bullfrog skeletons
  Jessica (D:3)
  6 iguanas
  11 worker ants
  19 orc wizards
  A hound skeleton (D:3)
  4 mummies (Ossuary)
  Robin (D:4)
  A worker ant zombie (D:10)
  4 gnolls (D:5)
  21 adders
  5 shadow imps
  2 oozes (D:7)
  An adder zombie (D:10)
  An adder skeleton (D:4)
  2 worms
  2 dart slugs
  2 leopard geckos
  62 orcs
  5 giant cockroaches
  A gnoll zombie (Ossuary)
  18 goblins
  11 hobgoblins
  11 jackals
  15 kobolds
  3 quokkas
  9 ball pythons
  7 bats
  8 frilled lizards
  A goblin zombie (Ossuary)
  2 hobgoblin zombies (Ossuary)
  A jackal skeleton (D:4)
  A jackal zombie (D:8)
  A kobold zombie (Ossuary)
  2 orc zombies
  A quokka skeleton (D:8)
  A quokka zombie (D:7)
  8 rats
  2 plants (Sewer)
577 creatures vanquished.

Vanquished Creatures (others)
  An adder (Lair:3)
  2 fungi
  3 plants
6 creatures vanquished.

Grand Total: 583 creatures vanquished

Notes
Turn   | Place    | Note
-------+----------+-------------------------------------------
     0 | D:1      | Borgoz the Halfling Gladiator began the quest for the Orb.
     0 | D:1      | Reached XP level 1. HP: 14/14 MP: 1/1
   284 | D:1      | Reached XP level 2. HP: 19/19 MP: 2/2
   651 | D:2      | Reached skill level 1 in Armour
   684 | D:2      | Reached skill level 4 in Short Blades
   684 | D:2      | Reached XP level 3. HP: 19/24 MP: 3/3
   727 | D:2      | Found a radiant altar of Vehumet.
   845 | D:2      | Reached XP level 4. HP: 12/30 MP: 4/4
  1457 | D:3      | Noticed Jessica
  1486 | D:3      | Killed Jessica
  1486 | D:3      | Reached XP level 5. HP: 26/35 MP: 5/5
  1525 | D:3      | Noticed a black bear
  1541 | D:3      | Killed a black bear
  1541 | D:3      | Reached skill level 5 in Short Blades
  1541 | D:3      | Reached XP level 6. HP: 21/42 MP: 6/6
  1719 | D:3      | Found a glowing drain.
  1745 | Sewer    | Entered a sewer
  2773 | D:4      | Reached XP level 7. HP: 39/46 MP: 7/7
  2800 | D:4      | Reached skill level 5 in Dodging
  2817 | D:4      | Noticed Pikel
  2878 | D:4      | Killed Pikel
  2878 | D:4      | Reached skill level 6 in Short Blades
  2878 | D:4      | Reached XP level 8. HP: 8/54 MP: 8/8
  3164 | D:4      | Noticed Grinder
  3315 | D:4      | Killed Grinder
  3315 | D:4      | Reached skill level 5 in Armour
  3675 | D:4      | Reached skill level 7 in Short Blades
  3780 | D:4      | Noticed Robin
  3821 | D:4      | Killed Robin
  3858 | D:4      | Found a staircase to the Ecumenical Temple.
  3864 | Temple   | Entered the Ecumenical Temple
  3873 | Temple   | Became a worshipper of Ashenzari the Shackled
  3996 | D:4      | Reached XP level 9. HP: 60/60 MP: 9/9
  4054 | D:4      | Reached skill level 5 in Fighting
  4147 | D:5      | Entered Level 5 of the Dungeon
  4850 | D:5      | Found a glowing silver altar of Zin.
  4919 | D:5      | Noticed Menkaure
  4927 | D:5      | Killed Menkaure
  5166 | D:5      | Noticed Eustachio
  5186 | D:5      | Killed Eustachio
  5186 | D:5      | Reached skill level 8 in Short Blades
  5596 | D:6      | Noticed Sigmund
  5598 | D:6      | Found Myes Xah's Antique Armour Emporium.
  5612 | D:6      | Killed Sigmund
  5645 | D:6      | Bought an ichor-stained ring mail for 216 gold pieces
  5655 | D:6      | Identified the +4 ring mail of Grace {rPois rF+ Int+5} (You
                  | bought it in a shop on level 6 of the Dungeon)
  5793 | D:6      | Noticed Duvessa
  5793 | D:6      | Noticed Dowan
  5800 | D:6      | Killed Dowan
  5819 | D:6      | Killed Duvessa
  6016 | D:6      | Noticed Blork the orc
  6024 | D:6      | Killed Blork the orc
  6024 | D:6      | Reached XP level 10. HP: 63/68 MP: 10/10
  6837 | D:6      | Reached skill level 9 in Short Blades
  6986 | D:7      | Reached * piety under Ashenzari
  6992 | D:7      | Found a stormy altar of Qazlal.
  7482 | D:8      | Found a staircase to the Lair.
  7769 | D:8      | Found a sand-covered staircase.
  7780 | Ossuary  | Entered an ossuary
  7902 | Ossuary  | Reached skill level 10 in Short Blades
  8015 | D:8      | Reached XP level 11. HP: 75/75 MP: 11/11
  8055 | D:8      | Noticed a purple ugly thing
  8069 | D:8      | Killed a purple ugly thing
  8260 | D:8      | Noticed Psyche
  8269 | D:8      | Killed Psyche
  8487 | D:8      | Found a snail-covered altar of Cheibriados.
  8487 | D:8      | Found a hazy altar of Hepliaklqana.
  8609 | D:9      | Found Ceecloi's General Store.
  8615 | D:9      | Bought a potion of lignification for 39 gold pieces
  8670 | D:9      | Noticed Maurice
  8695 | D:9      | Killed Maurice
  8718 | D:9      | Reached ** piety under Ashenzari
  8740 | D:9      | Found a flagged portal.
  8751 | Bailey   | Entered a bailey
  8984 | Bailey   | Noticed an orc knight
  9021 | Bailey   | Killed an orc knight
  9369 | Bailey   | Found a roughly hewn altar of Beogh.
  9377 | Bailey   | Reached skill level 10 in Dodging
  9443 | D:9      | Found Peud's Food Boutique.
  9495 | D:9      | Found Gelue's General Store.
  9525 | D:9      | Bought a potion of heal wounds for 55 gold pieces
  9553 | D:9      | Noticed a manticore
  9553 | D:9      | Noticed a two-headed ogre
  9565 | D:9      | Killed a two-headed ogre
  9571 | D:9      | Killed a manticore
  9571 | D:9      | Reached skill level 11 in Short Blades
  9802 | D:9      | Found Kighek's Antique Weapon Shoppe.
  9968 | D:10     | Entered Level 10 of the Dungeon
 10128 | D:10     | Killed an unseen horror
 10136 | D:10     | Killed an unseen horror
 10337 | D:10     | Reached XP level 12. HP: 81/84 MP: 12/12
 10390 | D:10     | Reached skill level 10 in Armour
 10922 | D:4      | Found a shimmering altar of Xom.
 11146 | D:10     | Got the uncursed ring mail of the Ecumenical Temple
                  | {*Corrode Str+3 Int+3}
 11157 | D:10     | Identified the +2 ring mail of the Ecumenical Temple
                  | {*Corrode Str+3 Int+3} (You found it on level 10 of the
                  | Dungeon)
 11814 | D:11     | Killed an unseen horror
 11997 | D:11     | Reached skill level 12 in Short Blades
 12199 | D:11     | Found a runed translucent door.
 12199 | D:11     | Noticed a sixfirhy
 12644 | D:11     | Found a staircase to the Orcish Mines.
 12696 | D:11     | Found a roughly hewn altar of Beogh.
 13057 | D:11     | Noticed Snorg
 13081 | D:11     | Killed Snorg
 13587 | D:12     | Reached XP level 13. HP: 27/90 MP: 13/13
 14002 | D:12     | Identified a scroll of acquirement
 14058 | D:12     | Identified the +1 leather armour of Unreason {Regen+}
 14389 | D:13     | Reached *** piety under Ashenzari
 14616 | D:13     | Found Deotuedo's Armour Emporium.
 14955 | D:13     | Noticed a five-headed hydra
 14981 | D:13     | Killed a five-headed hydra
 14981 | D:13     | Reached skill level 10 in Fighting
 15421 | D:13     | Reached skill level 13 in Short Blades
 15802 | D:14     | Found a bloodstained altar of Trog.
 15922 | D:14     | Found a gate to the Vaults.
 16028 | D:14     | Noticed a centaur warrior
 16050 | D:14     | Killed a centaur warrior
 16635 | D:15     | Entered Level 15 of the Dungeon
 16782 | D:15     | Noticed an ettin
 16809 | D:14     | HP: 4/92 [hell knight/+5 broad axe (13)]
 17604 | D:15     | Found a staircase to the Depths.
 17781 | D:15     | Reached XP level 14. HP: 65/98 MP: 14/14
 18828 | Lair:1   | Entered Level 1 of the Lair of Beasts
 18843 | Lair:1   | Reached skill level 14 in Short Blades
 18947 | Lair:1   | Found a dark tunnel.
 19020 | Volcano  | Entered a volcano
 19047 | Volcano  | Found a radiant altar of Vehumet.
 20441 | Lair:2   | Reached **** piety under Ashenzari
 21607 | Lair:3   | Found a staircase to the Snake Pit.
 21908 | Lair:3   | Found a staircase to the Swamp.
 22535 | Lair:4   | Noticed Jaiteiro's ghost (journeyman TrBe)
 22540 | Lair:4   | Found a runed translucent gate.
 22540 | Lair:4   | Found a runed translucent gate.
 22540 | Lair:4   | Found a runed translucent gate.
 23182 | Lair:4   | Reached XP level 15. HP: 62/107 MP: 15/15
 23240 | Lair:4   | HP: 4/107 [tyrant leech (21)]
 23242 | Lair:4   | Slain by a tyrant leech

Skill      XL: |  1  2  3  4  5  6  7  8  9 10 11 12 13 14 |
---------------+-------------------------------------------+-----
Fighting       | 2 3 4 6 7 8 9 10 11 | 11.7
Armour         | 1 2 3 4 5 6 8 9 11 12 13 | 13.4
Short Blades   | 4 5 6 7 8 10 11 12 13 14 | 14.8
Dodging        | 4 5 6 7 9 10 11 12 13 | 13.8
Throwing       | |  2.0

Action                   |  1- 3 |  4- 6 |  7- 9 | 10-12 | 13-15 || total
-------------------------+-------+-------+-------+-------+-------++-------
Melee: Rapier            |    74 |       |   115 |   438 |   973 ||  1600
       Dagger            |    33 |   307 |   283 |   751 |   271 ||  1645
       Unarmed           |       |       |       |     8 |       ||     8
Throw: Throwing net      |       |       |     4 |     2 |     2 ||     8
       Tomahawk          |       |       |       |       |     1 ||     1
Evoke: Wand              |       |       |     6 |    43 |    13 ||    62
  Use: Scroll            |       |     6 |     4 |    10 |    15 ||    35
       Potion            |       |       |     1 |    12 |     5 ||    18
 Stab: Held in net/web   |       |       |     2 |     2 |     3 ||     7
       Paralysed         |       |       |       |       |     2 ||     2
       Confused          |       |       |       |       |     1 ||     1
  Eat: Chunk             |       |     7 |    10 |    24 |    25 ||    66
       Ration            |       |       |       |       |     3 ||     3
Armor: Leather armour    |    17 |       |       |       |       ||    17
       Ring mail         |    18 |    26 |     4 |   222 |   227 ||   497
       Scale mail        |       |    26 |    98 |       |       ||   124
       Skin              |       |       |       |     8 |       ||     8
Dodge: Dodged            |    87 |   189 |   356 |   996 |   977 ||  2605
